 Dungeon Crawl Stone Soup version 0.22-a0-351-g29664b41f0 (webtiles) character file.

2926 Banto the Covert (level 9, -1/51 HPs)
             Began as an Octopode Ice Elementalist on Apr 13, 2018.
             Was a Believer of Vehumet.
             Killed by divine providence
             ... invoked by an orc priest
              (10 damage)
             ... on level 8 of the Dungeon.
             The game lasted 00:14:10 (10210 turns).

Banto the Covert (Octopode Ice Elementalist)       Turns: 10210, Time: 00:14:10

Health: -1/51      AC:  7    Str:  7    XL:     9   Next: 79%
Magic:  5/13       EV: 13    Int: 16    God:    Vehumet [**....]
Gold:   66         SH:  7    Dex: 13    Spells: 0/12 levels left

rFire    . . .     SeeInvis .   r - +0 dagger (chaos)
rCold    . . .     Gourm    .   t - +2 buckler
rNeg     . . .     Faith    .   (helmet restricted)
rPois    .         Spirit   .   (no amulet)
rElec    .         Reflect  .   w - -2 ring of intelligence (curse)
rCorr    .         Harm     .   (no ring)
MR       .....                  (no ring)
Stlth    ++++++....             (no ring)
HPRegen  0.17/turn              (no ring)
MPRegen  0.13/turn              (no ring)
                                (no ring)
                                (no ring)

@: lethally poisoned (-1 -> -5), icy armour
A: almost no armour, stealthy swim, amphibious, 8 rings, constrict 8, camouflage
1, dopey 1, high mp 1, wild magic 1, gelatinous body 1
a: Renounce Religion


You were on level 8 of the Dungeon.
You worshipped Vehumet.
Vehumet was pleased with you.
You were near starving.

You visited 2 branches of the dungeon, and saw 9 of its levels.

You collected 391 gold pieces.
You spent 325 gold pieces at shops.

Inventory:

Hand Weapons
 r - a +0 dagger of chaos (weapon)
Missiles
 k - 5 throwing nets (quivered)
Armour
 t - a +2 buckler (worn)
Magical Staves
 p - an uncursed staff of power
Jewellery
 w - a cursed -2 ring of intelligence (left tentacle)
Wands
 d - a wand of flame (12)
Scrolls
 e - 4 scrolls of remove curse
 f - a scroll of identify
 h - 6 scrolls of teleportation
 q - 3 scrolls of enchant weapon
Potions
 a - 3 potions of might
 c - a potion of resistance
 g - 2 potions of haste
 i - a potion of agility
 j - 2 potions of brilliance
 l - 3 potions of heal wounds
 m - 3 potions of curing
 n - a potion of mutation
 o - a potion of flight
 s - a potion of cancellation
 u - a potion of lignification {unknown}
 v - a potion of magic {unknown}
Comestibles
 b - 13 rations


   Skills:
 + Level 7.1 Short Blades
 - Level 2.0 Dodging
 + Level 11.8 Stealth
 - Level 4.0 Shields
 - Level 2.0 Spellcasting
 - Level 1.0 Conjurations
 - Level 6.6 Ice Magic


You couldn't memorise any spells.
You knew the following spells:

 Your Spells              Type           Power        Failure   Level  Hunger
a - Freeze                Ice            ####         2%          1    #......
b - Throw Frost           Conj/Ice       ###...       10%         2    ###....
c - Ozocubu's Armour      Chrm/Ice       ###.....     22%         3    ###....
d - Summon Ice Beast      Ice/Summ       ###.....     54%         4    #####..
e - Ensorcelled Hibernat  Hex/Ice        ###...       12%         2    ###....


Dungeon Overview and Level Annotations

Branches:
Dungeon (8/15)             Temple (1/1) D:7
   Lair: D:8-11

Altars:
Cheibriados
Elyvilon
Fedhas
Gozag
Hepliaklqana
Makhleb
Nemelex Xobeh
Okawaru
Trog
Vehumet
Wu Jian
Xom
Zin
The Shining One
Jiyva

Shops:
D:6 [   D:8 :


Innate Abilities, Weirdness & Mutations

You cannot wear most types of armour.
You are very stealthy in the water. (Stealth+)
You are amphibious.
You can wear up to eight rings at the same time.
You can use your tentacles to constrict eight enemies at once.
Your skin changes colour to match your surroundings (Stealth+).
Your rubbery body absorbs attacks. (AC +1, EV +1)
You are dopey. (Int -2)
You have an increased reservoir of magic. (+10% MP)
Your spells are a little harder to cast, but a little more powerful.


Message History

Press: ? - help, Shift-Dir - straight line, f/p - orc priest
Aim: an orc priest, wearing a scale mail (moderately wounded)
You freeze the orc priest.
The orc priest is almost dead.
You feel sick. The orc hits you but does no damage.
The orc priest invokes the aid of Beogh against you.
Beogh smites you!
* * * LOW HITPOINT WARNING * * *
You take 11 damage, and have 9/51 hp.
MASSIVE DAMAGE!!
You now have 5/13 mp.
Casting: Freeze (safe; 2% risk of failure)
Confirm with . or Enter, or press ? or * to list all spells.
Aiming: Freeze (safe; 2% risk of failure)
Press: ? - help, Shift-Dir - straight line, f/p - orc priest
Aim: an orc priest, wearing a scale mail (almost dead)
You freeze the orc priest.
The orc priest is almost dead.
You block the orc's attack.
The orc priest invokes the aid of Beogh against you.
Beogh smites you!
You die...

#(.......# #. ##..####.##
## ##. #oo# ..## #..###
##o####.#... #..#..
#.#....#.#.## #..#.#
#o#.#####...###..#..
#.#....#........ ###
#.####.#......#####.
#######.o@........#.>.....
........o.................
########....#.#...########
#..........# #
##...#.#..#########
#..........##.....#
#..........#...∩...
#.....(............
#.........[.......#


You could see an orc priest and an orc.

Vanquished Creatures
  Psyche (D:8)
  Grinder (D:6)
  Menkaure (D:6)
  A water moccasin (D:6)
  Duvessa (D:6)
  An orc warrior (D:6)
  An ice beast (D:6)
  A black bear (D:6)
  3 ogres
  A centaur (D:8)
  4 bullfrogs
  Dowan (D:5)
  2 scorpions
  A wyvern skeleton (D:6)
  A bullfrog zombie (D:8)
  A howler monkey (D:7)
  5 crimson imps
  2 orc priests
  A jelly (D:8)
  4 hounds
  7 orc wizards
  A bullfrog skeleton (D:7)
  5 worker ants
  A howler monkey zombie (D:6)
  4 gnolls
  A howler monkey skeleton (D:5)
  5 adders
  An adder skeleton (D:4)
  An adder zombie (D:6)
  4 worms
  2 dart slugs
  7 leopard geckos
  27 orcs
  11 bats
  2 giant cockroaches
  6 goblins
  6 hobgoblins
  8 kobolds
  2 quokkas
  A ball python (D:5)
  3 frilled lizards
  2 jackal skeletons
  5 rats
146 creatures vanquished.

Notes
Turn   | Place    | Note
-------+----------+-------------------------------------------
     0 | D:1      | Banto the Octopode Ice Elementalist began the quest for the Orb.
     0 | D:1      | Reached XP level 1. HP: 11/11 MP: 3/3
   100 | D:1      | Reached skill level 3 in Stealth
   135 | D:1      | Reached XP level 2. HP: 10/17 MP: 3/5
   590 | D:1      | Reached XP level 3. HP: 12/21 MP: 0/6
  1428 | D:2      | Reached skill level 4 in Stealth
  1429 | D:2      | Reached XP level 4. HP: 18/27 MP: 7/7
  2449 | D:3      | Found a radiant altar of Vehumet.
  2450 | D:3      | Found a bloodstained altar of Trog.
  2653 | D:3      | Found an opulent altar of Gozag.
  2654 | D:3      | Found an ornate altar of the Wu Jian Council.
  2657 | D:3      | Found a snail-covered altar of Cheibriados.
  2858 | D:4      | Reached XP level 5. HP: 31/31 MP: 8/8
  2861 | D:4      | Found a shimmering altar of Xom.
  2901 | D:4      | Noticed an ogre
  2935 | D:4      | Learned a level 2 spell: Throw Frost
  2939 | D:4      | Learned a level 3 spell: Ozocubu's Armour
  2996 | D:4      | Reached skill level 5 in Stealth
  2996 | D:4      | Reached skill level 5 in Ice Magic
  3243 | D:3      | Became a worshipper of Vehumet
  3446 | D:4      | Reached XP level 6. HP: 29/36 MP: 9/9
  3679 | D:4      | Found a hazy altar of Hepliaklqana.
  4437 | D:5      | Entered Level 5 of the Dungeon
  4550 | D:5      | Reached skill level 6 in Stealth
  4651 | D:5      | Reached XP level 7. HP: 30/41 MP: 4/10
  5496 | D:5      | Found a glowing golden altar of the Shining One.
  5496 | D:5      | Found a white marble altar of Elyvilon.
  5497 | D:5      | Found a glowing silver altar of Zin.
  5672 | D:6      | Noticed Grinder
  5680 | D:6      | Noticed Menkaure
  5723 | D:5      | Learned a level 4 spell: Summon Ice Beast
  5736 | D:6      | HP: 1/41 [Grinder/nerve-wracking pain (6)]
  5737 | D:6      | Killed Grinder
  5737 | D:6      | Reached skill level 1 in Short Blades
  5737 | D:6      | Reached skill level 7 in Stealth
  5737 | D:6      | Reached skill level 1 in Shields
  6044 | D:6      | Gained mutation: Your spells are a little harder to cast, but a little more powerful. [potion of mutation]
  6044 | D:6      | Gained mutation: You are dopey. (Int -2) [potion of mutation]
  6044 | D:6      | Gained mutation: You have an increased reservoir of magic. (+10% MP) [potion of mutation]
  6353 | D:6      | Found Otallor's Armour Boutique.
  6358 | D:6      | Noticed Duvessa
  6358 | D:6      | Noticed Dowan
  6599 | D:6      | Reached XP level 8. HP: 46/46 MP: 12/12
  6858 | D:6      | Killed Duvessa
  6858 | D:6      | Reached skill level 8 in Stealth
  6863 | D:6      | Reached * piety under Vehumet
  6863 | D:6      | Offered knowledge of Sting by Vehumet.
  6877 | D:5      | Killed Dowan
  7520 | D:6      | Killed Menkaure
  7558 | D:6      | Found a sparkling altar of Nemelex Xobeh.
  7653 | D:6      | Reached skill level 9 in Stealth
  7788 | D:6      | Found a shimmering altar of Xom.
  8011 | D:6      | Reached XP level 9. HP: 43/51 MP: 10/13
  8062 | D:6      | Reached skill level 5 in Short Blades
  8146 | D:6      | Found a burning altar of Makhleb.
  8160 | D:6      | Reached skill level 10 in Stealth
  8657 | D:7      | Found a staircase to the Ecumenical Temple.
  8667 | Temple   | Entered the Ecumenical Temple
  9143 | D:8      | Reached ** piety under Vehumet
  9143 | D:8      | Offered knowledge of Shock by Vehumet.
  9183 | D:8      | Reached skill level 11 in Stealth
  9405 | D:8      | Noticed Psyche
  9412 | D:8      | Killed Psyche
  9828 | D:8      | Found Bihopith's Book Shop.
  9838 | D:8      | Bought a book of Maledictions for 325 gold pieces
  9841 | D:8      | Learned a level 2 spell: Ensorcelled Hibernation
 10210 | D:8      | Killed from afar by an orc priest

Vault maps used:
D:1:      zelgadis_glass_arrival_small, minmay_ruptured
D:2:      minmay_box_of_dots
D:3:      nicolae_overflow_hidden_temple, first_ration
D:4:      lemuel_doored_altar, xom_teletrap_fun
D:5:      lemuel_ice_spiral_2, good_gods_mini_temple
D:6:      grunt_temple_overflow_champion_of_chaos,
          nemelex_xobeh_ov_fountains_minmay, serial_shops, shop,
          serial_bayou_crossing, uniq_duvessa, uniq_grinder, uniq_menkaure
D:7:      minmay_temple_entry_overgrown, grunt_ogre_cave
D:8:      serial_co_window_serial, co_window_paths_b, co_window_paths_a,
          co_window_of_opportunity_a, co_window_paths_a, co_window_paths_a,
          co_window_paths_a, co_window_of_opportunity_a,
          co_window_of_opportunity_a, co_window_corner_a, co_window_paths_c,
          co_window_broadway_c, co_window_corner_b, co_window_paths_c,
          co_window_corner_cb, glass_columns_b, glass_columns_a,
          glass_columns_a, glass_columns_b, serial_shops, shop, uniq_psyche
Temple:   pf_slimified_temple

Skill      XL: |  1  2  3  4  5  6  7  8  9 |
---------------+----------------------------+-----
Stealth        | 3 4 5 6 7 9 11 | 11.8
Ice Magic      | 4 5 6 |  6.6
Short Blades   | 2 4 7 |  7.1
Shields        | 2 4 |  4.0
Dodging        | |  2.0
Spellcasting   | |  2.0
Conjurations   | |  1.0

Action                   |  1- 3 |  4- 6 |  7- 9 || total
-------------------------+-------+-------+-------++-------
Melee: Club              |     9 |       |       ||     9
       Unarmed           |     5 |       |       ||     5
       Constrict         |    14 |    22 |    31 ||    67
       Tentacles         |     6 |    13 |    27 ||    46
       Dagger            |    33 |    89 |   192 ||   314
 Cast: Freeze            |    25 |    39 |    61 ||   125
       Throw Frost       |       |     6 |     2 ||     8
       Ozocubu's Armour  |       |       |     4 ||     4
Evoke: Wand              |       |       |     7 ||     7
  Use: Scroll            |     3 |     8 |     6 ||    17
       Potion            |       |       |     1 ||     1
 Stab: Sleeping          |     6 |    13 |    17 ||    36
       Distracted        |     1 |       |     1 ||     2
  Eat: Chunk             |       |    10 |    10 ||    20
       Ration            |       |     1 |     2 ||     3
Armor: Skin              |     8 |     5 |    11 ||    24
Dodge: Dodged            |    51 |    65 |   101 ||   217
Block: Buckler           |       |    20 |    60 ||    80

Table legend:
 A = Spawn XP
 B = Non-spawn XP
 C = Spawn XP percentage of total XP
 D = Spawn monster count
 E = Non-spawn monster count
 F = Spawn count percentage of total count
 G = Total turns spent on level
                    A         B        C        D         E        F      G
               +---------+---------+-------+---------+---------+-------+---------
         Total |       0 |    4180 |   0.0 |       0 |     146 |   0.0 | 10210
               +---------+---------+-------+---------+---------+-------+---------
           D:1 |       0 |      56 |   0.0 |       0 |      26 |   0.0 |  1052
           D:2 |       0 |      42 |   0.0 |       0 |      15 |   0.0 |   980
           D:3 |       0 |      65 |   0.0 |       0 |      16 |   0.0 |  1138
           D:4 |       0 |     290 |   0.0 |       0 |      17 |   0.0 |  1267
           D:5 |       0 |     310 |   0.0 |       0 |      11 |   0.0 |  2354
           D:6 |       0 |    1852 |   0.0 |       0 |      33 |   0.0 |  1565
           D:7 |       0 |     589 |   0.0 |       0 |      12 |   0.0 |   728
           D:8 |       0 |     976 |   0.0 |       0 |      16 |   0.0 |  1124
               +---------+---------+-------+---------+---------+-------+---------

Table legend:
 A = Turns spent in this place as a percentage of turns spent in the entire game.
 B = Non-inter-level travel turns spent in this place as a percentage of non-inter-level travel turns spent in the entire game.
 C = Inter-level travel turns spent in this place as a percentage of turns spent in this place.
 D = Turns resting spent in this place as a percentage of non-inter-level travel turns spent in this place.
 E = Turns spent auto-exploring this place as a percentage of non-inter-level travel turns spent in this place.
 F = Non-inter-level travel turns spent in this place divided by the number of levels of this place that you've seen.
                   A       B       C       D       E      F
               +-------+-------+-------+-------+-------+----------------------
         Total | 100.0 | 100.0 |   3.6 |  39.1 |  43.4 | 1093.3
       Dungeon | 100.0 | 100.0 |   3.6 |  39.1 |  43.4 | 1229.8
        Temple |   0.0 |   0.0 |   0.0 |   0.0 |   0.0 |   2.0
               +-------+-------+-------+-------+-------+----------------------

Table legend:
 A = Kills in this place as a percentage of kills in entire the game.
 B = Kills by you in this place as a percentage of kills by you in the entire game.
 C = Kills by friends in this place as a percentage of kills by friends in the entire game.
 D = Other kills in this place as a percentage of other kills in the entire game.
 E = Experience gained in this place as a percentage of experience gained in the entire game.
 F = Experience gained in this place divided by the number of levels of this place that you have seen.
                   A       B       C       D       E      F
               +-------+-------+-------+-------+-------+----------------------
         Total | 100.0 | 100.0 |   N/A |   N/A | 100.0 | 464.4
       Dungeon | 100.0 | 100.0 |   N/A |   N/A | 100.0 | 522.5
               +-------+-------+-------+-------+-------+----------------------
